 Dungeon Crawl Stone Soup version 0.32-a0-599-gba8f9cf90e (webtiles) character file.

Game seed: 14422592488557723002

2 ragingrage the Sneak (level 1, -3/18 HPs)
             Began as a Formicid Delver on Mar 3, 2024.
             Slain by a hound (5 damage)
             ... on level 5 of the Dungeon.
             The game lasted 00:00:28 (165 turns).

ragingrage the Sneak (Formicid Delver)               Turns: 165, Time: 00:00:28

Health: -3/18      AC:  3    Str: 16    XL:     1   Next: 33%
Magic:  1/1        EV: 12    Int:  9    God:
Gold:   10         SH:  0    Dex: 15    Spells: 0/0 levels left

rFire   . . .        g - +0 great sword (heavy)
rCold   . . .        (no shield)
rNeg    . . .        b - +0 leather armour
rPois   .            (helmet unavailable)
rElec   .            (no cloak)
rCorr   .            (no gloves)
SInv    +            (no boots)
Will    .....        (no amulet)
Stlth   +++          (no ring)
HPRegen 0.23/turn    (no ring)
MPRegen 0.07/turn

%: no passive effects
@: no status effects
A: permanent stasis, dig shafts and tunnels, antennae 3, four strong arms
a: Dig, Shaft Self


You were on level 5 of the Dungeon.
You visited 1 branch of the dungeon, and saw 2 of its levels.

You collected 10 gold pieces.

Inventory:

Hand Weapons
 a - a +0 short sword
 g - a +0 heavy great sword (weapon)
Armour
 b - a +0 leather armour (worn)
Wands
 f - a wand of digging (3)
Scrolls
 c - a scroll of fog
 d - a scroll of revelation
Potions
 h - a potion of ambrosia {unknown}


   Skills:
 - Level 3.2 Fighting
 + Level 2.2 Short Blades
 - Level 1.7 Dodging
 - Level 6.0 Stealth


You couldn't memorise any spells.
You didn't know any spells.
Your spell library was empty.

Dungeon Overview and Level Annotations

Branches:
Dungeon (5/15)
 Temple: D:4-7

Altars:

Annotations:
D:4 Grinder


Innate Abilities, Weirdness & Mutations

You cannot be hasted, slowed, berserked, paralysed or teleported.
You can dig through walls and to a lower floor.
You have a pair of large antennae on your head. (SInv)
Your four strong arms can wield two-handed weapons with a shield.


Message History

You start resting.
A giant cockroach comes into view.
The giant cockroach closely misses you.
You hit the giant cockroach. The giant cockroach misses you.
You closely miss the giant cockroach. The giant cockroach bites you.
You hit the giant cockroach.
You kill the giant cockroach!
No target in view!
No target in view!
You sense a monster nearby.
Grinder comes into view.
Grinder shouts!
Grinder gestures at you. Pain shoots through your body!
Grinder gestures at you.
Your stasis prevents you from being paralysed.
There is a stone staircase leading down here.
You climb downwards.
There is a stone staircase leading up here.
A scorpion is nearby!
An orc comes into view. It is wielding a +0 club.
Found a stone staircase leading down.
As you read the scroll of fear, it crumbles to dust.
You assume a fearsome visage.
The scorpion looks frightened!
A hound comes into view.
A sleepcap comes into view.
The hound barks!
The hound attacks as it pursues you! The hound misses you.
The hound closely misses you. The hound attacks as it pursues you!
The hound bites you. The hound barely misses you.
g - a +0 heavy great sword (weapon)
The hound bites you but does no damage.
You barely miss the hound. The hound bites you. x3
You miss the hound. The hound misses you. The hound closely misses you. x2
The hound bites you but does no damage.
You barely miss the hound. The hound bites you. x2
* * * LOW HITPOINT WARNING * * *
The hound barely misses you. The hound bites you.
You die...

#..s.......... .
######..##### .# #.######.
.. .######....>... { .#
.........###### ...
.######.## ....... #.. ###
#.# ......( #..
.....#.#######........ #..
..........h@$..........###..
........#######.............
#.#.##.## <.......###. .. #.
........##.. ## ..
........##.# ##.
####.......# #. #.##.<..# #
#.#.## #.#.#


You could see a hound.

Vanquished Creatures
  A giant cockroach (D:4)
  A goblin (D:4)
2 creatures vanquished.

Notes
Turn   | Place    | Note
-------+----------+-------------------------------------------
     0 | D:5      | ragingrage the Formicid Delver began the quest for the Orb.
     0 | D:5      | Reached XP level 1. HP: 18/18 MP: 1/1
   117 | D:4      | Noticed Grinder
   139 | D:5      | Noticed a scorpion
   155 | D:5      | Noticed a hound
   157 | D:5      | Noticed a sleepcap
   165 | D:5      | Slain by a hound

Illustrated notes

Levels and vault maps discovered:
D:4:      layout_basic, uniq_grinder
D:5:      layout_rooms, old_standard_altar,
          nicolae_overflow_hallway_of_the_gods, serial_glass, glass_columns_a,
          glass_columns_b, minmay_misc_feat_five

Action                     || total
---------------------------++-------
  Melee: Short sword       ||     9
         Great sword       ||     3
    Use: Scroll            ||     1
 Armour: Leather armour    ||    13
  Dodge: Dodged            ||    11

Table legend: (Time is in decaauts)
 A = Elapsed time spent in this place.
 B = Non-inter-level travel time spent in this place.
 C = Inter-level travel time spent in this place.
 D = Time resting spent in this place.
 E = Time spent auto-exploring this place.
 F = Levels seen in this place.
 G = Mean time per level.
                   A        B        C        D        E       F      G
               +--------+--------+--------+--------+--------+-----+--------+
         Total |    166 |    160 |      6 |      4 |     71 |   2 |   83.0 |
       Dungeon |    166 |    160 |      6 |      4 |     71 |   2 |   83.0 |
               +--------+--------+--------+--------+--------+-----+--------+

Top non-repeatable levels by time:
     D:4: 94 daAuts
     D:5: 71 daAuts
